 Dungeon Crawl Stone Soup version 0.31-a0-175-g9f7f995f2b (webtiles) character file.

Game seed: 13308420198105881157

274 qw the Shooter (level 6, 0/57 HPs)
             Began as a Naga Hunter on June 17, 2023.
             Was an Initiate of Okawaru.
             Slain by a killer bee (1 damage)
             ... on level 4 of the Dungeon.
             The game lasted 00:01:17 (3683 turns).

qw the Shooter (Naga Hunter)                        Turns: 3683, Time: 00:01:18

Health: 0/57       AC:  5    Str: 13    XL:     6   Next: 24%
Magic:  6/6        EV:  9    Int:  9    God:    Okawaru [......]
Gold:   201        SH:  5    Dex: 17    Spells: 5/5 levels left

rFire   + . .        Y - +0 shortbow
rCold   . . .        (shield currently unavailable)
rNeg    . . .        g - +2 leather armour {rPois}
rPois   +            (no helmet)
rElec   .            (no cloak)
rCorr   .            (no gloves)
SInv    +            (no barding)
Will    .....        n - amulet of reflection
Stlth   ++           e - ring of protection from fire
HPRegen 0.29/turn    (no ring)
MPRegen 0.10/turn

%: reflection
@: lethally poisoned (0 -> -8), short of breath, very slow
A: AC +2, large, see invisible, deformed body, poison resistance, slowness 2,
spit poison 1, naga tail 1
a: Spit Poison, Renounce Religion


You were on level 4 of the Dungeon.
You worshipped Okawaru.
Okawaru was noncommittal.
You visited 1 branch of the dungeon, and saw 4 of its levels.

You collected 201 gold pieces.


Innate Abilities, Weirdness & Mutations

Your serpentine skin is tough. (AC +2)
You have supernaturally acute eyesight. (SInv)
Armour fits poorly on your strangely shaped body.
Your system is resistant to poisons. (rPois)
You cover ground very slowly.
You can spit poison.
You have a snake-like lower body.


   Skills:
 + Level 3.7 Fighting
 - Level 6.0 Ranged Weapons
 - Level 1.5 Dodging
 - Level 1.5 Stealth


You had 5 spell levels left.
You didn't know any spells.
Your spell library was empty.

Inventory:

Hand Weapons
 Y - a +0 shortbow (weapon)
Armour
 g - a +2 leather armour of poison resistance (worn)
Jewellery
 e - a ring of protection from fire (left hand)
 n - an amulet of reflection (around neck)
Scrolls
 c - 2 scrolls of identify
 m - a scroll of noise {unknown}
Potions
 a - 2 potions of curing
 b - a potion of invisibility {unknown}
 d - 2 potions of lignification {unknown}
 f - a potion of magic
 h - a potion of berserk rage {unknown}
 i - a potion of cancellation
 j - a potion of enlightenment {unknown}
 k - 3 potions of degeneration {unknown}
 l - a potion of attraction {unknown}

Dungeon Overview and Level Annotations

Branches:
Dungeon (4/15)
 Temple: D:4-7

Altars:
Fedhas
Makhleb
Okawaru

Shops:
D:2 :


Message History

Aiming: Spit Poison (1% risk of failure)
Press: ? - help, Shift-Dir - straight line, f/p - killer bee The splash of poison hits the killer bee!
You kill the killer bee!
Okawaru accepts your kill. You block the killer bee's attack.
The killer bee stings you. The killer bee closely misses you.
The killer bee stings you.
You are poisoned.
The killer bee poisons you! The killer bee stings you.
You shoot an arrow. The arrow hits the killer bee.
The killer bee is lightly wounded.
You feel very sick.
The killer bee stings you but does no damage. x2
The killer bee stings you. The killer bee barely misses you.
The killer bee stings you. The killer bee barely misses you. x2
The killer bee stings you.
You are more poisoned.
The killer bee poisons you!
You shoot an arrow.
The arrow closely misses the killer bee.
You feel very sick. The killer bee closely misses you.
You block the killer bee's attack. The killer bee stings you.
You are more poisoned.
The killer bee poisons you!
The killer bee stings you but does no damage. x2
The killer bee barely misses you. The killer bee closely misses you.
You block the killer bee's attack.
You shoot an arrow. The arrow misses the killer bee.
You feel very sick.
The killer bee barely misses you. x2; The killer bee stings you!
The killer bee misses you. The killer bee barely misses you.
The killer bee stings you! The killer bee stings you.
The killer bee misses you. The killer bee stings you.
The killer bee barely misses you. The killer bee closely misses you.
You block the killer bee's attack.
You shoot an arrow.
The arrow closely misses the killer bee.
You feel very sick. The killer bee stings you.
You die...

#...........#.#'#...#'#.##
###.......#####.......####
#+#...#+###...........##
#.#####...##.........###
+..).......).........+ #
#....%.[..###.......## #
...##...##### #.......# #
..#+##....######+#### ##
.......y@....... ..
.......yyy...... ..
..~....~.......# #.
.....K.........# #<
....~~.........#
....~~........!#
...............#
.~....~.......#


You could see 4 killer bees and a kobold.

Vanquished Creatures
  A killer bee (D:4)
  A hound (D:4)
  2 adders
  6 gnolls (D:4)
  A white imp (D:4)
  2 worms
  5 dart slugs
  12 orcs
  7 ball pythons
  8 endoplasms
  2 giant cockroaches (D:1)
  5 goblins
  8 hobgoblins
  5 jackals
  5 quokkas
  6 bats
  7 frilled lizards
  5 kobolds
  6 rats
94 creatures vanquished.

Notes
Turn   | Place    | Note
-------+----------+-------------------------------------------
     0 | D:1      | qw the Naga Hunter began the quest for the Orb.
     0 | D:1      | Reached XP level 1. HP: 19/19 MP: 1/1
     0 | D:1      | 0 ||| qw: Version: 0.3-a-2-g5ab2908
     0 | D:1      | 0 ||| qw: Game counter: 278
     0 | D:1      | 0 ||| qw: Always use a shield: true
     0 | D:1      | 0 ||| qw: God list: Okawaru
     0 | D:1      | 0 ||| qw: Allow faded altars: false
     0 | D:1      | 0 ||| qw: Do Orc after D:15 true
     0 | D:1      | 0 ||| qw: Do second Lair branch before Depths: true
     0 | D:1      | 0 ||| qw: Lair rune preference: random
     0 | D:1      | 0 ||| qw: Plans: Normal
     0 | D:1      | 0 ||| PLANNING D:1-11
    44 | D:1      | 44 ||| INVOKING Spit Poison.
    49 | D:1      | 49 ||| INVOKING Spit Poison.
    92 | D:1      | 92 ||| INVOKING Spit Poison.
    99 | D:1      | 99 ||| INVOKING Spit Poison.
   119 | D:1      | Reached skill level 4 in Ranged Weapons
   119 | D:1      | Reached XP level 2. HP: 26/26 MP: 2/2
   133 | D:1      | 133 ||| INVOKING Spit Poison.
   171 | D:1      | 171 ||| INVOKING Spit Poison.
   218 | D:1      | 218 ||| INVOKING Spit Poison.
   273 | D:1      | 273 ||| INVOKING Spit Poison.
   390 | D:1      | 390 ||| INVOKING Spit Poison.
   401 | D:1      | 401 ||| INVOKING Spit Poison.
   405 | D:1      | 405 ||| INVOKING Spit Poison.
   418 | D:1      | 418 ||| INVOKING Spit Poison.
   423 | D:1      | 423 ||| INVOKING Spit Poison.
   428 | D:1      | 428 ||| INVOKING Spit Poison.
   455 | D:1      | Found a faded altar of an unknown god.
   537 | D:1      | Reached XP level 3. HP: 32/32 MP: 3/3
   683 | D:1      | 683 ||| INVOKING Spit Poison.
   814 | D:1      | 814 ||| INVOKING Spit Poison.
   820 | D:1      | 820 ||| INVOKING Spit Poison.
  1033 | D:1      | 1033 ||| UPGRADING to amulet of reflection.
  1038 | D:1      | 1038 ||| UPGRADING to ring of protection from fire.
  1039 | D:1      | 1039 ||| DROPPING ring of wizardry.
  1040 | D:1      | 1040 ||| READING scroll labelled GAKKINGEESH.
  1041 | D:1      | 1041 ||| READING scroll labelled AHUOZO BOBE.
  1042 | D:1      | 1042 ||| READING scroll labelled VEDWUF ZEUPPE.
  1043 | D:1      | 1043 ||| READING scroll labelled KAIGIME KEINGO.
  1044 | D:1      | 1044 ||| READING scroll labelled MOPRUD MOSITHRO.
  1048 | D:1      | 1048 ||| DROPPING scroll of butterflies.
  1075 | D:2      | 1075 ||| INVOKING Spit Poison.
  1087 | D:2      | 1087 ||| INVOKING Spit Poison.
  1088 | D:2      | 1088 ||| INVOKING Spit Poison.
  1142 | D:2      | 1142 ||| INVOKING Spit Poison.
  1191 | D:2      | 1191 ||| INVOKING Spit Poison.
  1199 | D:2      | 1199 ||| INVOKING Spit Poison.
  1294 | D:2      | 1294 ||| INVOKING Spit Poison.
  1297 | D:2      | 1297 ||| INVOKING Spit Poison.
  1298 | D:2      | Found Ryommysm's Book Boutique.
  1328 | D:2      | 1328 ||| INVOKING Spit Poison.
  1477 | D:2      | 1477 ||| INVOKING Spit Poison.
  1492 | D:2      | 1492 ||| INVOKING Spit Poison.
  1549 | D:2      | 1549 ||| INVOKING Spit Poison.
  1551 | D:2      | Reached skill level 5 in Ranged Weapons
  1551 | D:2      | Reached XP level 4. HP: 39/39 MP: 4/4
  1649 | D:2      | 1649 ||| INVOKING Spit Poison.
  1846 | D:2      | 1846 ||| READING scroll labelled UVAYFAETEI.
  1847 | D:2      | 1847 ||| DRINKING 2 fuming red potions.
  1892 | D:3      | 1892 ||| INVOKING Spit Poison.
  1896 | D:3      | 1896 ||| INVOKING Spit Poison.
  1904 | D:3      | 1904 ||| INVOKING Spit Poison.
  1911 | D:3      | 1911 ||| INVOKING Spit Poison.
  1915 | D:3      | 1915 ||| INVOKING Spit Poison.
  1918 | D:3      | 1918 ||| FLEEEEING.
  1922 | D:3      | 1922 ||| FLEEEEING.
  1923 | D:3      | 1923 ||| FLEEEEING.
  1924 | D:3      | 1924 ||| FLEEEEING.
  1925 | D:3      | 1925 ||| FLEEEEING.
  1927 | D:3      | 1927 ||| INVOKING Spit Poison.
  1966 | D:3      | 1966 ||| INVOKING Spit Poison.
  1980 | D:3      | 1980 ||| INVOKING Spit Poison.
  2016 | D:3      | 2016 ||| INVOKING Spit Poison.
  2253 | D:3      | 2253 ||| INVOKING Spit Poison.
  2269 | D:3      | 2269 ||| INVOKING Spit Poison.
  2291 | D:3      | 2291 ||| INVOKING Spit Poison.
  2322 | D:3      | 2322 ||| INVOKING Spit Poison.
  2327 | D:3      | 2327 ||| INVOKING Spit Poison.
  2377 | D:3      | Found an iron altar of Okawaru.
  2378 | D:3      | 2378 ||| PLANNING OKAWARU WORSHIP
  2378 | D:3      | 2378 ||| UPGRADING to +2 leather armour of poison
                  | resistance.
  2388 | D:3      | 2388 ||| DROPPING +0 leather armour.
  2389 | D:3      | 2389 ||| DRINKING 2 bubbling purple potions.
  2390 | D:3      | 2390 ||| DRINKING 2 silvery potions.
  2391 | D:3      | Found a burning altar of Makhleb.
  2391 | D:3      | Found a blossoming altar of Fedhas.
  2398 | D:3      | Became a worshipper of Warmaster Okawaru
  2399 | D:3      | 2399 ||| PLANNING D:1-11
  2402 | D:3      | 2402 ||| INVOKING Spit Poison.
  2454 | D:3      | 2454 ||| INVOKING Spit Poison.
  2468 | D:3      | 2468 ||| INVOKING Spit Poison.
  2554 | D:3      | 2554 ||| INVOKING Spit Poison.
  2561 | D:3      | 2561 ||| INVOKING Spit Poison.
  2564 | D:3      | Reached skill level 3 in Fighting
  2827 | D:3      | 2827 ||| DRINKING 2 white potions.
  2870 | D:4      | 2870 ||| INVOKING Spit Poison.
  2874 | D:4      | 2874 ||| INVOKING Spit Poison.
  2875 | D:4      | 2875 ||| INVOKING Spit Poison.
  2879 | D:4      | 2879 ||| INVOKING Spit Poison.
  2880 | D:4      | Reached XP level 5. HP: 43/49 MP: 5/5
  2882 | D:4      | 2882 ||| INVOKING Spit Poison.
  2887 | D:4      | 2887 ||| INVOKING Spit Poison.
  2892 | D:4      | 2892 ||| INVOKING Spit Poison.
  2898 | D:4      | 2898 ||| INVOKING Spit Poison.
  3140 | D:4      | 3140 ||| INVOKING Spit Poison.
  3144 | D:4      | 3144 ||| INVOKING Spit Poison.
  3150 | D:4      | 3150 ||| INVOKING Spit Poison.
  3156 | D:4      | 3156 ||| INVOKING Spit Poison.
  3181 | D:4      | 3181 ||| INVOKING Spit Poison.
  3184 | D:4      | 3184 ||| INVOKING Spit Poison.
  3204 | D:4      | 3204 ||| INVOKING Spit Poison.
  3341 | D:4      | 3341 ||| INVOKING Spit Poison.
  3345 | D:4      | 3345 ||| INVOKING Spit Poison.
  3364 | D:4      | 3364 ||| INVOKING Spit Poison.
  3394 | D:4      | 3394 ||| INVOKING Spit Poison.
  3499 | D:4      | 3499 ||| INVOKING Spit Poison.
  3502 | D:4      | 3502 ||| INVOKING Spit Poison.
  3509 | D:4      | 3509 ||| INVOKING Spit Poison.
  3513 | D:4      | HP: 12/49 [gnoll/+0 club (4)]
  3514 | D:4      | 3514 ||| DRINKING potion of heal wounds.
  3516 | D:4      | 3516 ||| INVOKING Spit Poison.
  3517 | D:4      | Reached skill level 6 in Ranged Weapons
  3522 | D:4      | 3522 ||| INVOKING Spit Poison.
  3523 | D:4      | Reached XP level 6. HP: 30/56 MP: 6/6
  3661 | D:4      | 3661 ||| INVOKING Spit Poison.
  3676 | D:4      | 3676 ||| INVOKING Spit Poison.
  3679 | D:4      | 3679 ||| INVOKING Spit Poison.
  3682 | D:4      | HP: 10/57 [killer bee (7)]
  3682 | D:4      | HP: 4/57 [killer bee (1)]
  3683 | D:4      | HP: 1/57 [poisoned by a killer bee]
  3683 | D:4      | Slain by a killer bee

Levels and vault maps discovered:
D:1:      saegor_arrival_fortress, layout_basic,
          hellmonk_ecumenical_altar_blasted, minmay_pentomino_o2
D:2:      layout_basic, serial_shops, nicolae_shop_waterfront,
          minmay_misc_feat_five
D:3:      minmay_door_path, layout_loops_ring,
          chequers_temple_overflow_statue_of_worship,
          chequers_serial_rivers_large_a, minmay_fractal_squares_diagonal_5
D:4:      nicolae_cairo_tiling_very_big, layout_gridville, dk_noncrumbling_3,
          skrybe_limestone_x

Skill      XL: |  1  2  3  4  5 |
---------------+----------------+-----
Ranged Weapons | 4 5 6 |  6.0
Fighting       | 3 |  3.7
Dodging        | |  1.5
Stealth        | |  1.5

Action                     |  1- 3 |  4- 6 || total
---------------------------+-------+-------++-------
   Fire: Shortbow          |    63 |   142 ||   205
Ability: Spit Poison       |    28 |    46 ||    74
    Use: Scroll            |     5 |     1 ||     6
         Potion            |       |     5 ||     5
 Armour: Leather armour    |    11 |    34 ||    45
  Dodge: Dodged            |    12 |    62 ||    74
  Block: Other             |     3 |    28 ||    31
         Reflection        |     1 |       ||     1

Table legend:
 A = Non-vault XP
 B = Vault XP
 C = Vault XP percentage of total XP
 D = Non-vault monster count
 E = Vault monster count
 F = Vault count percentage of total count
                 A         B        C        D         E       F
            +---------+---------+-------+---------+---------+-------
      Total |     376 |      16 |   4.1 |      84 |      10 |  10.6
            +---------+---------+-------+---------+---------+-------
        D:1 |      36 |       3 |   7.7 |      21 |       2 |   8.7
        D:2 |      50 |       0 |   0.0 |      17 |       0 |   0.0
        D:3 |      44 |      13 |  22.8 |      18 |       8 |  30.8
        D:4 |     246 |       0 |   0.0 |      28 |       0 |   0.0
            +---------+---------+-------+---------+---------+-------
